 Dungeon Crawl Stone Soup version 0.32-a0-886-g41c5271027 (webtiles) character file.

Game seed: 15298374105666040339

1345 Autsider the Chiller (level 8, -6/58 (62) HPs)
             Began as a Merfolk Ice Elementalist on Apr 2, 2024.
             Killed from afar by a steam dragon (19 damage)
             ... with a ball of steam
             ... on level 6 of the Dungeon.
             The game lasted 00:27:03 (6023 turns).

Autsider the Chiller (Merfolk Ice Elementalist)     Turns: 6023, Time: 00:27:03

HP:   -6/58 (62)    AC:  4    Str:  8    XL:     8   Next: 62%
MP:   5/17          EV: 11    Int: 16    God:
Gold: 306           SH:  0    Dex: 15    Spells: 9/19 levels left

rFire   x . .        H - +1 scythe (venom)
rCold   + . .        (shield currently unavailable)
rNeg    . . .        v - +1 robe of the Pink Corner {rElec Regen+}
rPois   +            w - +0 helmet
rElec   +            (no cloak)
rCorr   .            (no gloves)
SInv    .            (no boots)
Will    .....        (no amulet)
Stlth   ++           k - ring of poison resistance
HPRegen 1.09/turn    l - ring of ice
MPRegen 0.15/turn

%: no passive effects
@: very slightly contaminated, slowed, drained, very slow
A: (nimble swimmer 2), mertail
a: no special abilities


You were on level 6 of the Dungeon.
You visited 1 branch of the dungeon, and saw 6 of its levels.

You collected 306 gold pieces.

Inventory:

Hand Weapons
 b - a +0 trident
 H - a +1 scythe of venom (weapon)
Missiles
 L - 10 stones
Armour
 a - a +0 robe
 v - the +1 robe of the Pink Corner (worn) {rElec Regen+}
   (You found it on level 2 of the Dungeon)

   rElec:     It insulates you from electricity.
   Regen+:    It increases your rate of health regeneration.
 w - a +0 helmet (worn)
 I - a +1 robe of positive energy
Magical Staves
 p - a staff of earth
 F - a staff of air
Jewellery
 k - a ring of poison resistance (left hand)
 l - a ring of ice (right hand)
 J - a +6 ring of intelligence
Wands
 E - a wand of charming (7)
Scrolls
 c - 2 scrolls of brand weapon {unknown}
 e - 2 scrolls of poison {unknown}
 f - 4 scrolls of identify
 g - a scroll of immolation {unknown}
 j - 4 scrolls of teleportation {unknown}
 n - 2 scrolls of noise {unknown}
 r - a scroll of blinking {unknown}
 s - 2 scrolls of enchant armour {unknown}
 t - 3 scrolls of fear {unknown}
 u - a scroll of vulnerability {unknown}
 x - a scroll of revelation {unknown}
 y - a scroll of enchant weapon {unknown}
 G - a scroll of amnesia {unknown}
 K - a scroll of acquirement {unknown}
Potions
 d - a potion of magic
 h - a potion of berserk rage {unknown}
 i - a potion of mutation {unknown}
 m - 2 potions of attraction {unknown}
 o - a potion of might {unknown}
 q - a potion of degeneration {unknown}
 z - 2 potions of enlightenment {unknown}
 A - a potion of invisibility {unknown}
 B - 2 potions of curing {unknown}
 C - 2 potions of lignification
 D - a potion of heal wounds {unknown}


   Skills:
 + Level 5.0 Fighting
 + Level 4.1 Polearms
 - Level 2.6 Dodging
 - Level 2.1 Stealth
 - Level 6.0 Spellcasting
 - Level 4.0 Summonings
 + Level 6.0 Ice Magic


You had 9 spell levels left.
You knew the following spells:

 Your Spells              Type           Power      Damage    Failure   Level
a - Freeze                Ice            100%       1d10      1%          1
e - Ozocubu's Armour      Ice            36%        N/A       3%          3
w - Frozen Ramparts       Ice            72%        1d11      3%          3
A - Summon Ice Beast      Ice/Summ       31%        N/A       5%          3

Your spell library contained the following spells:

 Spells                   Type           Power      Damage    Failure   Level
 Kiss of Death            Conj/Necr      16%        2d6       14%         1
 Slow                     Hex            16%        N/A       14%         1
 Blink                    Tloc           8%         N/A       21%         2
 Lesser Beckoning         Tloc           8%         N/A       21%         2
 Momentum Strike          Conj/Tloc      8%         3d8       21%         2
 Confusing Touch          Hex            4%         N/A       38%         3
 Dazzling Flash           Conj/Hex       8%         N/A       38%         3
 Mephitic Cloud           Conj/Alch/Air  4%         N/A       38%         3
 Vampiric Draining        Necr           4%         2d6       38%         3
 Dispel Undead            Necr           4%         3d7       80%         4
 Curse of Agony           Necr           4%         N/A       98%         5
 Silence                  Hex/Air        2%         N/A       98%         5


Dungeon Overview and Level Annotations

Branches:
Dungeon (6/15)
 Temple: D:4-7

Altars:
Dithmenos
Elyvilon
Fedhas
Kikubaaqudgha
Wu Jian

Annotations:
D:3 Grinder
D:4 exclusions: downstairs and upstairs


Innate Abilities, Weirdness & Mutations

((You are very nimble when in or above water. (Stealth+, EV+, Speed+++)))
Your lower body shifts to a powerful aquatic tail in water.


Message History

Nothing appears to happen.
The wraith hits you.
* * * LOW HITPOINT WARNING * * *
The wraith drains your vigour!
You feel as though you will be slow longer.
The steam dragon bites you but does no damage.
The steam dragon claws you but does no damage.
The wight hits you but does no damage. The steam dragon bites you.
* * * LOW HITPOINT WARNING * * *
The steam dragon misses you. The wraith barely misses you.
The wight barely misses you.
Okay, then.
Reach: H) +1 scythe (venom)
Press: ? - help, Dir - move target, f - steam dragon
Aim: a steam dragon (moderately wounded, about 43% to evade your +1 scythe of venom)
You slash the steam dragon!
The steam dragon is poisoned.
The steam dragon is severely wounded.
The wraith completely misses you. The steam dragon bites you.
* * * LOW HITPOINT WARNING * * *
The steam dragon closely misses you. The wight closely misses you.
The wraith hits you.
* * * LOW HITPOINT WARNING * * *
The steam dragon bites you but does no damage.
The steam dragon misses you. The wight hits you with a +2 mace.
* * * LOW HITPOINT WARNING * * *
You feel drained.
* * * LOW HITPOINT WARNING * * *
Your icy armour cracks and falls away as you move.
An orc comes into view. It is wielding a +0 hand axe.
The steam dragon bites you but does no damage.
The steam dragon claws you.
* * * LOW HITPOINT WARNING * * *
The wraith attacks as it pursues you! The wraith hits you but does no damage.
The wraith hits you.
* * * LOW HITPOINT WARNING * * *
As you read the scroll labelled ORPHIL CINEPRUW, it crumbles to dust.
It is a scroll of identify.
C - 2 potions of lignification The steam dragon breathes steam at you.
The ball of steam hits you!! The steam scalds you terribly!
You die...

# # .##
#.##.|.###
....#...#
#..z#.#
#z#.# ##.z#
##.# ##Wz#
#@#.)...o.
#..D.......
####.###.##
#.# # #.#
#.. ##


You could see a wraith, a steam dragon (very poisoned, catching breath) and 2
wights.

Vanquished Creatures
  Sigmund (D:3)
  An acid dragon (D:5)
  A phantom (D:5)
  A bullfrog (D:4)
  A scorpion (D:4)
  2 howler monkeys (D:5)
  An orc priest (D:5)
  A gnoll bouda (D:4)
  Jessica (D:3)
  An iguana (D:5)
  2 sleepcaps (D:5)
  Natasha (thrice) (D:2)
  Terence (D:2)
  2 orc wizards
  9 gnolls
  11 adders
  6 dart slugs
  A ribbon worm (D:3)
  10 orcs
  3 endoplasms
  2 giant cockroaches (D:1)
  7 goblins
  10 hobgoblins
  2 quokkas (D:1)
  5 ball pythons
  10 bats
  2 frilled lizards
  8 kobolds
  6 rats
111 creatures vanquished.

Vanquished Creatures (collateral kills)
  An ice beast (D:5)
  An ogre (D:5)
  An orc priest (D:5)
3 creatures vanquished.

Grand Total: 114 creatures vanquished

Notes
Turn   | Place    | Note
-------+----------+-------------------------------------------
     0 | D:1      | Autsider the Merfolk Ice Elementalist began the quest for
                  | the Orb.
     0 | D:1      | Reached XP level 1. HP: 13/13 MP: 3/3
   479 | D:1      | Reached XP level 2. HP: 16/19 MP: 1/5
   867 | D:1      | Reached skill level 5 in Ice Magic
  1104 | D:1      | Reached XP level 3. HP: 24/24 MP: 4/6
  1396 | D:2      | Learned a level 3 spell: Frozen Ramparts
  1400 | D:2      | Learned a level 3 spell: Ozocubu's Armour
  1785 | D:2      | Noticed Natasha
  1788 | D:2      | Killed Natasha
  1789 | D:2      | Reached XP level 4. HP: 25/30 MP: 0/8
  1910 | D:2      | Noticed Terence
  1918 | D:2      | Killed Terence
  2049 | D:2      | Identified the +1 robe of the Pink Corner {rElec Regen+}
  2537 | D:2      | Reached XP level 5. HP: 36/36 MP: 2/9
  2728 | D:2      | Noticed Natasha
  2738 | D:2      | Killed Natasha
  2739 | D:2      | Reached skill level 1 in Fighting
  2807 | D:2      | Noticed Natasha
  2821 | D:2      | Killed Natasha
  3236 | D:3      | Noticed Grinder
  3376 | D:3      | Paralysed by Grinder for 4 turns
  3493 | D:4      | Reached XP level 6. HP: 41/46 MP: 4/12
  3726 | D:4      | You fall into a shaft and drop 1 floor!
  3726 | D:5      | Entered Level 5 of the Dungeon
  3770 | D:5      | Learned a level 3 spell: Summon Ice Beast
  3903 | D:5      | Noticed an ice beast
  3929 | D:5      | Killed an ice beast
  3930 | D:5      | Reached skill level 1 in Summonings
  3930 | D:5      | Reached XP level 7. HP: 54/54 MP: 13/13
  3980 | D:5      | Reached skill level 5 in Fighting
  4482 | D:4      | Reached skill level 1 in Polearms
  4769 | D:3      | Found an ancient bone altar of Kikubaaqudgha.
  4786 | D:3      | Found a shadowy altar of Dithmenos.
  4787 | D:3      | Found an ornate altar of the Wu Jian Council.
  4787 | D:3      | Found a white marble altar of Elyvilon.
  4889 | D:3      | Noticed Sigmund
  4912 | D:3      | Killed Sigmund
  4913 | D:3      | Reached XP level 8. HP: 60/62 MP: 8/14
  5150 | D:3      | Noticed Jessica
  5154 | D:3      | Killed Jessica
  5327 | D:5      | HP: 2/62 [ogre/+0 giant spiked club (30)]
  5331 | D:5      | Reached skill level 5 in Spellcasting
  5694 | D:5      | Found a blossoming altar of Fedhas.
  6008 | D:6      | Noticed a wraith
  6023 | D:6      | Killed from afar by a steam dragon

Illustrated notes

Levels and vault maps discovered:
D:1:      ldierk_walled_garden, layout_loops_corners
D:2:      layout_basic, chequers_avenue, uniq_terence, uniq_natasha
D:3:      layout_loops_ring, grunt_temple_overflow_open, uniq_jessica,
          uniq_sigmund, uniq_grinder
D:4:      layout_basic
D:5:      layout_cave_pools, mainiacjoe_overflow_small_starburst
D:6:      layout_loops_ring, okawaru_trees_1, minmay_temple_entry_offerings

Skill      XL: |  1  2  3  4  5  6  7  8 |
---------------+-------------------------+-----
Ice Magic      | 5 6 |  6.0
Spellcasting   | 3 4 6 |  6.0
Fighting       | 2 4 5 |  5.0
Summonings     | 1 4 |  4.0
Polearms       | 4 |  4.1
Dodging        | |  2.6
Stealth        | |  2.1

Action                     |  1- 3 |  4- 6 |  7- 9 || total
---------------------------+-------+-------+-------++-------
  Melee: Unarmed           |     4 |       |       ||     4
         Club              |     6 |    26 |       ||    32
         Trident           |       |     5 |    45 ||    50
         Halberd           |       |       |    39 ||    39
  Throw: Stone             |     1 |     4 |       ||     5
   Cast: Freeze            |    50 |    42 |    23 ||   115
         Frozen Ramparts   |     4 |    14 |    12 ||    30
         Ozocubu's Armour  |     1 |    14 |     7 ||    22
         Summon Ice Beast  |       |     1 |     3 ||     4
    Use: Potion            |       |     1 |       ||     1
         Scroll            |       |       |     1 ||     1
   Stab: Sleeping          |       |       |     7 ||     7
         Distracted        |       |       |     1 ||     1
 Armour: Robe              |    28 |    47 |    80 ||   155
  Dodge: Dodged            |    38 |    38 |    73 ||   149

Table legend: (Time is in decaauts)
 A = Elapsed time spent in this place.
 B = Non-inter-level travel time spent in this place.
 C = Inter-level travel time spent in this place.
 D = Time resting spent in this place.
 E = Time spent auto-exploring this place.
 F = Levels seen in this place.
 G = Mean time per level.
                   A        B        C        D        E       F      G
               +--------+--------+--------+--------+--------+-----+--------+
         Total |   6063 |   5742 |    321 |     68 |   4575 |   6 | 1010.5 |
       Dungeon |   6063 |   5742 |    321 |     68 |   4575 |   6 | 1010.5 |
               +--------+--------+--------+--------+--------+-----+--------+

Top non-repeatable levels by time:
     D:2: 1594 daAuts
     D:1: 1368 daAuts
     D:4: 1293 daAuts
     D:5: 898 daAuts
     D:3: 887 daAuts
     D:6: 21 daAuts
